Map: Whirlwind LE (Void)

Players

Rabugento

  • Race: Zerg Zerg
  • League: Silver
  • Spawn Location: 1:00

MakeAllry - Winner!

  • Race: Protoss Protoss
  • Spawn Location: 5:00

VOD

Have the link to the VOD?

Description

Time

  • Played on: Dec. 20, 2016, 6:58 p.m.
  • Length: 8:18
Show
View Real Time Build Order
Export as new Build Order

Rabugento Zerg 

Build Orders: Hatch First 

Get SALT Encoding   

  12  0:13  Drone  
  13  0:15  Drone  
  13  0:17  Overlord  
  14  0:27  Overlord  
  14  0:36  Drone  
  15  0:47  Drone  
  16  1:15  Drone  
  16  1:17  Drone  
  18  1:30  Hatchery  
  17  1:34  Drone  
  17  1:35  Drone  
  19  1:43  Drone  
  20  1:50  Hatchery  
  19  2:03  Drone  
  19  2:04  Drone  
  21  2:09  Hatchery  
  20  2:20  Drone  
  20  2:21  Spawning Pool  
  20  2:25  Extractor  
  20  2:29  Drone  
  20  2:33  Drone  
  21  2:44  Drone  
  21  2:49  Drone  
  23  2:56  Drone  
  24  3:00  Drone  
  24  3:05  Drone  
  26  3:07  Drone  
  26  3:09  Queen  
  26  3:11  Queen  
  31  3:14  Queen  
  31  3:19  Drone  
  34  3:23  Queen  
  34  3:25  Drone  
  37  3:28  Drone  
  37  3:32  Drone  
  39  3:39  Drone x3  
  42  3:44  Overlord  
  42  3:55  Zergling x6  
  44  4:01  Zergling x4  
  47  4:11  Drone  
  47  4:12  Drone x2  
  47  4:15  Drone  
  51  4:25  Drone x3  
  51  4:28  Drone x2  
  56  4:32  Overlord x2  
  56  4:44  Lair, Extractor  
  55  4:47  Drone  
  55  4:48  Overlord  
  55  4:51  Overlord  
  56  5:09  Extractor  
  56  5:12  Extractor  
  54  5:19  Drone x3  
  57  5:22  Drone x4  
  57  5:23  Drone x3  
  57  5:26  Drone x2  
  57  5:27  Drone x5  
  71  5:36  Extractor  
  71  5:41  Extractor  
  69  5:46  Extractor  
  69  5:48  Extractor  
  69  5:49  Drone  
  69  5:50  Drone  
  69  5:58  Drone x2  
  69  5:59  Drone  
  72  6:22  Hydralisk Den  
  72  6:24  Overseer  
  71  6:27  Overseer  
  71  6:30  Overseer  
  71  6:33  Overlord x2  
  66  6:41  Zergling x2  
  66  6:42  Zergling x4  
  66  6:47  Zergling x10  
  61  6:48  Zergling x12  
  61  6:49  Zergling x2  
  70  6:54  Hydralisk  
  70  6:55  Hydralisk x3  
  59  7:14  Hydralisk x2  
  18  7:24  Hydralisk  
  18  7:27  Hydralisk  
  18  7:28  Hydralisk x2  
Show
View Real Time Build Order
Export as new Build Order

MakeAllry Protoss - Winner!

Build Orders: Nexus First 

Get SALT Encoding   

  12  0:01  Probe (Chrono Boost)  
  13  0:12  Probe (Chrono Boost)  
  14  0:22  Probe (Chrono Boost)  
  14  0:24  Pylon  
  16  0:42  Probe (Chrono Boost)  
  16  0:53  Probe (Chrono Boost)  
  16  1:05  Nexus  
  16  1:07  Probe (Chrono Boost)  
  17  1:17  Probe (Chrono Boost)  
  18  1:21  Gateway  
  18  1:26  Assimilator  
  18  1:28  Probe (Chrono Boost)  
  19  1:39  Probe (Chrono Boost)  
  20  1:50  Probe (Chrono Boost)  
  20  1:51  Assimilator  
  21  2:00  Probe (Chrono Boost)  
  22  2:03  Pylon  
  22  2:09  Cybernetics Core  
  22  2:11  Probe (Chrono Boost)  
  23  2:17  Zealot  
  25  2:26  Probe (Chrono Boost)  
  25  2:28  Probe (Chrono Boost)  
  28  2:37  Probe (Chrono Boost)  
  28  2:40  Probe (Chrono Boost)  
  28  2:42  Stalker  
  29  2:45  Warp Gate  
  29  2:47  Probe (Chrono Boost)  
  33  2:52  Probe (Chrono Boost)  
  33  2:58  Probe (Chrono Boost), Assimilator  
  34  3:03  Assimilator  
  36  3:06  Mothership Core (Chrono Boost)  
  36  3:08  Probe (Chrono Boost)  
  37  3:19  Probe (Chrono Boost)  
  38  3:23  Twilight Council  
  38  3:26  Probe (Chrono Boost)  
  39  3:40  Gateway  
  39  3:41  Probe (Chrono Boost), Gateway  
  39  3:43  Probe (Chrono Boost), Gateway  
  41  3:52  Adept  
  43  4:05  Dark Shrine  
  43  4:11  Pylon  
  43  4:18  Pylon  
  43  4:23  Pylon  
  43  4:31  Pylon  
  43  4:34  Gateway  
  43  4:35  Probe (Chrono Boost), Gateway  
  43  4:37  Probe (Chrono Boost)  
  46  4:45  Probe (Chrono Boost)  
  46  4:49  Probe (Chrono Boost)  
  47  5:01  Robotics Facility  
  47  5:07  Pylon  
  47  5:18  Gateway  
  47  5:20  Dark Templar x2  
  47  5:21  Gateway  
  51  5:24  Gateway  
  51  5:31  Probe (Chrono Boost)  
  51  5:32  Probe (Chrono Boost)  
  53  5:38  Dark Templar  
  53  5:39  Dark Templar  
  53  5:41  Probe (Chrono Boost)  
  58  5:45  Probe (Chrono Boost)  
  59  5:52  Probe (Chrono Boost), Warp Prism  
  62  6:00  Dark Templar x2  
  62  6:01  Dark Templar  
  68  6:18  Dark Templar x3  
  74  6:56  Dark Templar  
  74  6:57  Dark Templar x5  
  82  7:28  Dark Templar  
  82  7:29  Dark Templar  
  86  8:08  Pylon  
  86  8:13  Pylon  
  86  8:15  Pylon  
Tags
 
Add a new tag
Caveats
  • Supply blocks, unpowered buildings, or Contaminate may cause inaccurate times.
  • Supply counts are checked every 10 seconds.